 Dungeon Crawl Stone Soup version 0.20.1-1-g8b1a95d (webtiles) character file.

10117 letownia2 the Reanimator (level 11, 50/101 (103) HPs)
             Began as a Deep Dwarf Necromancer on Nov 29, 2017.
             Was an Initiate of Gozag.
             Quit the game on level 2 of the Lair of Beasts.
             The game lasted 00:31:15 (9411 turns).

letownia2 the Reanimator (Deep Dwarf Necromancer)   Turns: 9411, Time: 00:31:15

HP:   50/101 (103)  AC: 11    Str: 18    XL:     11   Next: 32%
MP:   15/24         EV: 13    Int: 21    God:    Gozag
Gold: 302           SH:  0    Dex: 17    Spells: 21/28 levels left

rFire    . . .     SeeInvis .   M - +0 hand axe (chop)
rCold    . . .     Gourm    .   (no shield)
rNeg     . . .     Faith    .   E - +4 robe of Augmentation {Str+4 Int+4 Dex+4}
rPois    .         Spirit   .   (no helmet)
rElec    .         Reflect  .   K - +0 cloak
rCorr    .         Harm     .   d - +0 pair of gloves
MR       +....                  k - +2 pair of boots {run}
Stlth    ++........             Q - amulet of magic regeneration
Regen    0.0/turn               (no ring)
MPRegen  0.3/turn               L - ring of wizardry

@: gold aura, non-regenerating, quick
A: damage resistance, heal wounds, sense surroundings 2, no regeneration
a: Heal Wounds, Potion Petition, Call Merchant, Bribe Branch, Renounce Religion


You were on level 2 of the Lair of Beasts.
You worshipped Gozag.
Gozag was aware of your devotion.
You were not hungry.

You visited 2 branches of the dungeon, and saw 12 of its levels.
You also visited: Ossuary.

You collected 1750 gold pieces.
You paid 1448 gold pieces to Gozag.

Inventory:

Hand Weapons
 a - a +4 dagger of venom
 b - a +0 bardiche
 J - a +3 quarterstaff of chaos
 M - a +0 hand axe of chopping (weapon)
Missiles
 P - a throwing net (quivered)
 W - 4 poisoned javelins
Armour
 d - a +0 pair of gloves (worn)
 e - a +0 ring mail
 k - a +2 pair of boots of running (worn)
 o - a +0 buckler
 E - the +4 robe of Augmentation (worn) {Str+4 Int+4 Dex+4}
   (You found it on level 6 of the Dungeon)

   It affects your strength (+4).
   It affects your intelligence (+4).
   It affects your dexterity (+4).
 K - a +0 cloak (worn)
Jewellery
 B - an uncursed ring of fire
 L - a ring of wizardry (right hand)
 Q - an amulet of magic regeneration (around neck)
 V - an uncursed ring of fire
Wands
 v - a wand of lightning (5/15)
 R - a wand of polymorph (3/24)
Scrolls
 h - a scroll of teleportation
 i - 4 scrolls of identify
 l - 2 scrolls of immolation
 r - 8 scrolls of remove curse
 N - a scroll of magic mapping
Potions
 f - 3 potions of degeneration {unknown}
 g - a potion of lignification
 j - 3 potions of heal wounds
 m - 4 potions of curing
 p - a potion of berserk rage {unknown}
 q - 3 potions of flight {unknown}
 s - a potion of cancellation {unknown}
 t - 2 potions of ambrosia {unknown}
 u - a potion of mutation {unknown}
 w - a potion of agility {unknown}
 z - 3 potions of brilliance {unknown}
 A - 4 potions of might {unknown}
 C - a potion of haste {unknown}
 G - a potion of invisibility {unknown}
 O - a potion of resistance {unknown}
Books
 T - a book of Flames

   Spells                             Type                      Level
   a - Flame Tongue                   Conjuration/Fire             1
   b - Throw Flame                    Conjuration/Fire             2
   c - Conjure Flame                  Conjuration/Fire             3
   d - Inner Flame                    Hexes/Fire                   3
   e - Sticky Flame                   Conjuration/Fire             4
   f - Fireball                       Conjuration/Fire             5
Comestibles
 c - 5 bread rations
 x - 13 fruits
 S - 2 meat rations
 U - a royal jelly


   Skills:
 + Level 7.9 Fighting
 - Level 2.1 Dodging
 - Level 2.4 Stealth
 - Level 9.1 Spellcasting
 - Level 13.0 Necromancy


You had 21 spell levels left.
You knew the following spells:

 Your Spells              Type           Power        Failure   Level  Hunger
a - Pain                  Necr           ####         1%          1    None
c - Conjure Flame         Conj/Fire      #.......     9%          3    None
v - Vampiric Draining     Necr           ######....   1%          3    None


Dungeon Overview and Level Annotations

Branches:
Dungeon (10/15)            Temple (0/1) D:7            Lair (2/6) D:9
  Swamp: Lair:2-4    Shoals: Lair:2-4     Snake: Lair:2-4    Spider: Lair:2-4
    Orc: D:9-12

Altars:
Ashenzari
Gozag
Makhleb
Qazlal
Ru
Trog
Vehumet

Shops:
D:9 *[[:(   Lair:2 [

Annotations:
D:9 letownia2's ghost, novice DDNe
Lair:1 Gastronok


Innate Abilities, Weirdness & Mutations

You are resistant to damage.
You can heal yourself by infusing magical energy.
You passively map the area around you.
You do not regenerate.


Message History

You start memorising the spell.
You continue memorising. x3
You finish memorising.
Spell assigned to 'b'.
Adjust (i)tems, (s)pells, or (a)bilities?
Adjust which spell? b - Conjure Flame Adjust to which letter? c - Conjure Flame
Okay, then.
Put on which piece of jewellery? (? for menu, Esc to quit)
Okay, then.
Drop what? 44/52 slots (_ for help) (? for menu, Esc to quit)
You drop an uncursed ring of teleportation.
Wear which item? (? for menu, Esc to quit)
Okay, then.
Put on which piece of jewellery? (? for menu, Esc to quit)
Okay, then.
Quiver which item? (- for none, * to show all) (? for menu, Esc to quit)
Okay, then.
Okay, then.
Are you sure you want to abandon this character and quit the game? (Confirm with "yes".)

*,* ****
*.....?.....,,***
***
##......P....,,,*
#............,,,*
#........[...,,**
###..........,**
#...........,**
#...........,,**
#..........P,,,**
##.@<.......,,,,*
**#.∩........,,,**
#............,*,*
##...........,,,*
#...##...>...,,**
#....,.......,,,*
*#....,$......,,,*
*.....,...?...,,**
#....,,,.....,,,,*


There were no monsters in sight!

Vanquished Creatures
  A hydra (Lair:1)
  5 two-headed ogres
  A komodo dragon (Lair:2)
  5 yaks
  A steam dragon (D:9)
  2 water moccasins
  3 porcupines
  3 orc warriors
  2 black bears (D:7)
  An ice beast (D:6)
  4 sky beasts
  A necrophage (D:9)
  6 ogres
  A centaur (D:7)
  3 crocodiles (Lair:1)
  3 big kobolds
  3 elf zombies (Ossuary)
  Blork the orc (D:5)
  5 bullfrogs
  A gnoll sergeant (D:9)
  6 scorpions
  9 killer bees
  6 crimson imps
  2 bullfrog zombies (D:5)
  A human zombie (Ossuary)
  An orc priest (D:8)
  3 hounds
  Crazy Yiuf (D:7)
  A centaur skeleton (D:4)
  5 iguanas
  7 orc wizards
  6 worker ants
  A big kobold zombie (Ossuary)
  A hound zombie (Ossuary)
  2 hound skeletons
  4 mummies (Ossuary)
  A worker ant zombie (D:6)
  3 gnolls (D:9)
  A howler monkey skeleton (D:10)
  10 adders
  2 shadow imps
  2 adder zombies
  An adder skeleton (D:5)
  A dart slug (D:1)
  8 leopard geckos
  20 orcs
  3 bats
  5 giant cockroaches
  A gnoll zombie (Ossuary)
  A goblin (D:8)
  3 hobgoblins
  11 jackals
  3 quokkas
  2 frilled lizards
  A hobgoblin zombie (Ossuary)
  A jackal zombie (Ossuary)
  12 kobolds
  A leopard gecko skeleton (D:6)
  An orc zombie (Ossuary)
  2 rat zombies (Ossuary)
  A fungus (D:7)
205 creatures vanquished.

Vanquished Creatures (others)
  A bullfrog skeleton (D:8)
  An orc (D:8)
2 creatures vanquished.

Grand Total: 207 creatures vanquished

Notes
Turn   | Place    | Note
-------+----------+-------------------------------------------
     0 | D:1      | letownia2 the Deep Dwarf Necromancer began the quest for the Orb.
     0 | D:1      | Reached XP level 1. HP: 15/15 MP: 3/3
   265 | D:1      | Reached XP level 2. HP: 11/22 MP: 0/5
   453 | D:2      | Reached skill level 5 in Necromancy
   453 | D:2      | Reached XP level 3. HP: 14/28 MP: 1/6
   493 | D:2      | Learned a level 3 spell: Vampiric Draining
   509 | D:2      | Identified a +1 pair of boots of running (You found it on level 2 of the Dungeon)
   753 | D:4      | Noticed an ogre
   867 | D:4      | Killed an ogre
   867 | D:4      | Reached XP level 4. HP: 33/36 MP: 0/8
   867 | D:4      | Reached XP level 5. HP: 38/42 MP: 0/9
  1009 | D:4      | Reached skill level 6 in Necromancy
  1283 | D:4      | Found a burning altar of Makhleb.
  1537 | D:4      | Reached skill level 7 in Necromancy
  1580 | D:4      | Reached XP level 6. HP: 45/49 MP: 3/10
  1878 | D:5      | Entered Level 5 of the Dungeon
  2096 | D:5      | Reached skill level 1 in Fighting
  2119 | D:5      | Noticed Blork the orc
  2440 | D:5      | Noticed a sky beast
  2480 | D:5      | Killed a sky beast
  2480 | D:5      | Reached skill level 8 in Necromancy
  2480 | D:5      | Reached XP level 7. HP: 58/61 MP: 2/11
  2764 | D:5      | Killed Blork the orc
  2913 | D:6      | Reached skill level 9 in Necromancy
  2920 | D:6      | Reached XP level 8. HP: 60/72 MP: 0/12
  3079 | D:6      | Found a sand-covered staircase.
  3153 | D:6      | Found a shattered altar of Ashenzari.
  3153 | D:6      | Found an opulent altar of Gozag.
  3154 | D:6      | Found a stormy altar of Qazlal.
  3161 | D:6      | Became a worshipper of Gozag Ym Sagoz the Greedy
  3300 | Ossuary  | Entered an ossuary
  3336 | Ossuary  | Reached skill level 5 in Fighting
  3369 | Ossuary  | Reached skill level 10 in Necromancy
  4023 | D:7      | Found a bloodstained altar of Trog.
  4149 | D:7      | Found a staircase to the Ecumenical Temple.
  4185 | D:7      | Gained mutation: You passively map the area around you. [Deep Dwarf growth]
  4185 | D:7      | Reached XP level 9. HP: 38/82 MP: 6/13
  4690 | D:7      | Found a runed door.
  4694 | D:7      | Noticed Crazy Yiuf
  4699 | D:7      | Reached skill level 11 in Necromancy
  4726 | D:7      | Killed Crazy Yiuf
  4785 | D:8      | Noticed a two-headed ogre
  4808 | D:8      | Killed a two-headed ogre
  4808 | D:8      | Reached skill level 5 in Spellcasting
  5103 | D:8      | Found a sacrificial altar of Ru.
  5164 | D:8      | Found a radiant altar of Vehumet.
  5189 | D:8      | Noticed a two-headed ogre
  5297 | D:8      | Noticed a two-headed ogre
  5468 | D:8      | Killed a two-headed ogre
  5468 | D:8      | Reached XP level 10. HP: 36/94 MP: 3/20
  5578 | D:8      | Killed a two-headed ogre
  5660 | D:8      | Noticed a two-headed ogre
  5690 | D:8      | Killed a two-headed ogre
  6234 | D:9      | Noticed a two-headed ogre
  6275 | D:9      | Killed a two-headed ogre
  6310 | D:9      | Found Hoekliv's Book Shoppe.
  6409 | D:9      | Noticed letownia2's ghost (novice DDNe)
  6609 | D:9      | Found Izxullan's General Store.
  6796 | D:9      | Found Erosapto's Antique Weapon Emporium.
  7101 | D:9      | Found a burning altar of Makhleb.
  7161 | D:10     | Entered Level 10 of the Dungeon
  7303 | D:10     | Reached skill level 12 in Necromancy
  7949 | D:10     | Reached XP level 11. HP: 33/98 MP: 8/24
  8204 | D:9      | Found a staircase to the Lair.
  8294 | D:9      | Found Hydalece's Armour Boutique.
  8560 | Lair:1   | Entered Level 1 of the Lair of Beasts
  8719 | Lair:1   | Noticed Gastronok
  8789 | Lair:1   | Noticed a four-headed hydra
  8854 | Lair:1   | Killed a four-headed hydra
  8854 | Lair:1   | Reached skill level 13 in Necromancy
  9410 | Lair:2   | Learned a level 3 spell: Conjure Flame
  9411 | Lair:2   | Quit the game

Skill      XL: |  1  2  3  4  5  6  7  8  9 10 11 |
---------------+----------------------------------+-----
Spellcasting   | 2 3 6 9 |  9.1
Necromancy     | 5 7 8 9 10 11 12 13 | 13.0
Fighting       | 2 4 6 7 |  7.9
Dodging        | |  2.1
Stealth        | |  2.4

Action                   |  1- 3 |  4- 6 |  7- 9 | 10-12 || total
-------------------------+-------+-------+-------+-------++-------
Melee: Unarmed           |     3 |       |       |       ||     3
       Dagger            |       |   135 |   231 |   140 ||   506
       Bardiche          |       |       |    19 |     7 ||    26
 Cast: Pain              |    38 |    24 |    13 |     9 ||    84
       Vampiric Draining |     6 |    12 |    69 |   135 ||   222
Invok: Call Merchant     |       |       |       |     2 ||     2
Evoke: Wand              |       |       |     5 |     8 ||    13
  Use: Scroll            |       |       |     8 |     4 ||    12
 Stab: Sleeping          |       |     1 |     3 |     3 ||     7
       Distracted        |       |       |       |     2 ||     2
  Eat: Chunk             |     1 |     6 |     5 |       ||    12
       Meat ration       |       |       |     2 |     2 ||     4
Armor: Robe              |     6 |       |    45 |    89 ||   140
       Ring mail         |     4 |    61 |    82 |       ||   147
Dodge: Dodged            |    20 |    74 |   191 |   155 ||   440
